 Dungeon Sprint DCSS version 0.20-b1-24-gb21faa7 (webtiles) character file.

658 potatolord6000 the Fighter (level 7, -12/62 HPs)
             Began as a Demonspawn Gladiator on May 25, 2017.
             Was an Initiate of Gozag.
             Mangled by a 17-headed hydra (13 damage)
             ... in the Dungeon (Sprint IX: "|||||||||||||||||||||||||||||").
             The game lasted 00:01:51 (591 turns).

potatolord6000 the Fighter (Demonspawn Gladiator)    Turns: 591, Time: 00:01:52

Health: -12/62     AC:  6    Str: 20    XL:     7   Next: 30%
Magic:  0/11       EV: 23    Int:  9    God:    Gozag
Gold:   450        SH:  0    Dex: 22    Spells: 12/12 levels left

rFire    + . .     SeeInvis .   a - +0 long sword
rCold    + . .     Gourm    .   (no shield)
rNeg     . . .     Faith    .   b - +0 leather armour
rPois    +         Spirit   +   (helmet restricted)
rElec    +         Reflect  .   (no cloak)
rCorr    +         Harm     .   m - +0 pair of gloves
MR       .....     NoTele   +   c - +0 pair of boots
Stlth    +++.......             (no amulet)
Regen    0.2/turn               n - +3 ring of dexterity
MPRegen  0.2/turn               o - +3 ring of strength

@: agile, resistant, flying, very slightly contaminated, invisible
A: antennae 1, magic shield
a: Potion Petition, Call Merchant, Bribe Branch, Renounce Religion


You were in the Dungeon.
You worshipped Gozag.
Gozag was aware of your devotion.
You were not hungry.

You visited 1 branch You collected 450 gold pieces.

Inventory:

Hand Weapons
 a - a +0 long sword (weapon)
Armour
 b - a +0 leather armour (worn)
 c - a +0 pair of boots (worn)
 m - a +0 pair of gloves (worn)
Jewellery
 n - a +3 ring of dexterity (left hand)
 o - a +3 ring of strength (right hand)
Scrolls
 h - 3 scrolls of remove curse
 k - 2 scrolls of blinking
 l - 2 scrolls of amnesia
Potions
 e - 5 potions of curing
 i - 4 potions of magic
Comestibles
 f - a bread ration


   Skills:
 + Level 8.0 Fighting
 + Level 7.7 Long Blades
 - Level 1.7 Throwing
 + Level 7.0 Armour
 + Level 7.6 Dodging
 + Level 3.1 Spellcasting


You had 12 spell levels left.
You didn't know any spells.

Dungeon Overview and Level Annotations

Branches:
Dungeon (1/1)

Altars:
Cheibriados
Dithmenos
Elyvilon
Fedhas
Gozag
Hepliaklqana
Kikubaaqudgha
Makhleb
Nemelex Xobeh
Okawaru
Qazlal
Ru
Sif Muna
Trog
Uskayaw
Vehumet
Xom
Yredelemnul
Zin
The Shining One
Beogh
Jiyva
Lugonu


Innate Abilities, Weirdness & Mutations

You have a pair of small antennae on your head.
When hurt, damage is shared between your health and your magic reserves.


Message History

The 16-headed hydra closely misses you. The 16-headed hydra bites you.
The 16-headed hydra completely misses you.
The 16-headed hydra barely misses you. The 16-headed hydra closely misses you.
The 16-headed hydra completely misses you. x3
The 16-headed hydra bites you but does no damage.
The 16-headed hydra completely misses you.
You lop one of the 16-headed hydra's heads off!
The 15-headed hydra grows two more!
You slash the 17-headed hydra!
The 17-headed hydra is moderately wounded.
The 17-headed hydra barely misses you.
You riposte.
You hit the 17-headed hydra.
The 17-headed hydra is moderately wounded.
The 17-headed hydra misses you. The 17-headed hydra closely misses you.
The 17-headed hydra barely misses you. The 17-headed hydra bites you!
* * * LOW HITPOINT WARNING * * *
The 17-headed hydra bites you.
* * * LOW HITPOINT WARNING * * *
The 17-headed hydra bites you!
You die...
Your body crumbles into a pile of gold.

▓+▓
▓z▓
▓a▓
▓O▓
▓T▓
▓a▓
▓D▓
▓@▓
▓.▓
$
▓.▓
$
▓.▓
$
▓.▓
$
▓)▓
$
▓)▓
▓)▓
$
▓.▓


You could see a 17-headed hydra (wandering), a skeletal warrior, a two-headed
ogre, a troll and 2 worker ants.

Vanquished Creatures
  A wyvern (D)
  3 orc warriors (D)
  An ogre (D)
  A scorpion (D)
  2 crimson imps (D)
  A worker ant (D)
  A dart slug (D)
  A leopard gecko (D)
  A bat skeleton (D)
  A giant cockroach (D)
  A kobold (D)
  A frilled lizard (D)
  A giant cockroach zombie (D)
16 creatures vanquished.

Vanquished Creatures (others)
  A spatial maelstrom (D)
1 creature vanquished.

Grand Total: 17 creatures vanquished

Notes
Turn   | Place    | Note
-------+----------+-------------------------------------------
     0 | D        | potatolord6000 the Demonspawn Gladiator began the quest for the Orb.
     0 | D        | Reached XP level 1. HP: 16/16 MP: 1/1
     6 | D        | Banished a spatial maelstrom
    16 | D        | Reached skill level 1 in Armour
    29 | D        | Gained mutation: You have a pair of small antennae on your head. [demonic ancestry]
    29 | D        | Reached XP level 2. HP: 8/23 MP: 2/2
   236 | D        | Noticed a scorpion
   236 | D        | Noticed a crimson imp
   245 | D        | Killed a scorpion
   245 | D        | Reached skill level 4 in Fighting
   245 | D        | Reached XP level 3. HP: 27/30 MP: 3/3
   248 | D        | Reached XP level 4. HP: 33/38 MP: 4/4
   259 | D        | Reached skill level 5 in Long Blades
   259 | D        | Reached skill level 5 in Dodging
   269 | D        | Found a roughly hewn altar of Beogh.
   269 | D        | Found a snail-covered altar of Cheibriados.
   269 | D        | Found a shadowy altar of Dithmenos.
   269 | D        | Found a white marble altar of Elyvilon.
   269 | D        | Found a blossoming altar of Fedhas.
   269 | D        | Found an opulent altar of Gozag.
   270 | D        | Found a hazy altar of Hepliaklqana.
   271 | D        | Found a viscous altar of Jiyva.
   272 | D        | Found an ancient bone altar of Kikubaaqudgha.
   273 | D        | Found a corrupted altar of Lugonu.
   274 | D        | Found a burning altar of Makhleb.
   275 | D        | Found a sparkling altar of Nemelex Xobeh.
   276 | D        | Found an iron altar of Okawaru.
   277 | D        | Became a worshipper of Gozag Ym Sagoz the Greedy
   278 | D        | Found a stormy altar of Qazlal.
   279 | D        | Found a sacrificial altar of Ru.
   280 | D        | Found a deep blue altar of Sif Muna.
   281 | D        | Found a bloodstained altar of Trog.
   282 | D        | Found a hide-covered altar of Uskayaw.
   283 | D        | Found a radiant altar of Vehumet.
   285 | D        | Found a shimmering altar of Xom.
   286 | D        | Found a basalt altar of Yredelemnul.
   287 | D        | Found a glowing silver altar of Zin.
   288 | D        | Found a glowing golden altar of the Shining One.
   367 | D        | Noticed an orc warrior
   367 | D        | Noticed an orc warrior
   367 | D        | Noticed an ogre
   367 | D        | Noticed an orc warrior
   367 | D        | Noticed a wyvern
   378 | D        | Killed a wyvern
   378 | D        | Reached skill level 6 in Fighting
   378 | D        | Reached skill level 5 in Armour
   378 | D        | Reached XP level 5. HP: 27/47 MP: 5/5
   387 | D        | Killed an orc warrior
   387 | D        | Reached skill level 7 in Fighting
   387 | D        | Gained mutation: When hurt, damage is shared between your health and your magic reserves. [demonic ancestry]
   387 | D        | Reached XP level 6. HP: 13/55 MP: 6/6
   393 | D        | Reached skill level 1 in Spellcasting
   403 | D        | Killed an orc warrior
   403 | D        | Reached XP level 7. HP: 56/61 MP: 5/10
   433 | D        | Reached skill level 8 in Fighting
   574 | D        | Noticed a skeletal warrior
   574 | D        | Noticed a two-headed ogre
   574 | D        | Noticed an eight-headed hydra
   574 | D        | Noticed a troll
   591 | D        | HP: 1/62 [17-headed hydra (6)]
   591 | D        | Mangled by a 17-headed hydra

Skill      XL: |  1  2  3  4  5  6  7 |
---------------+----------------------+-----
Long Blades    | 3 4 6 7 |  7.7
Dodging        | 3 4 6 7 |  7.6
Armour         | 1 3 5 6 7 |  7.0
Fighting       | 4 6 7 8 |  8.0
Spellcasting   | 2 3 |  3.1
Throwing       | |  1.7

Action                   |  1- 3 |  4- 6 |  7- 9 || total
-------------------------+-------+-------+-------++-------
Melee: Long sword        |    35 |    45 |    28 ||   108
Invok: Potion Petition   |       |       |     1 ||     1
  Use: Potion            |     1 |     4 |     1 ||     6
 Stab: Invisible         |       |     6 |     8 ||    14
Armor: Leather armour    |     7 |     6 |     6 ||    19
Dodge: Dodged            |    26 |    34 |   129 ||   189
       Rpst.: Long sword |     6 |    10 |     7 ||    23
